Capitals vs Maple Leafs
(R1)
Created - February 28, 2019 at 07:23
Goals
|
| Capitals |
3 |
0 |
1 |
0 |
2 |
5 |
| Maple Leafs |
1 |
3 |
0 |
0 |
0 |
4 |
|
Shots
|
| Capitals |
14 |
3 |
12 |
1 |
3 |
30 |
| Maple Leafs |
11 |
13 |
5 |
0 |
2 |
29 |
|
1st period
1. Capitals , Joe Pavelski 15 (Jamie Benn 15) at 4:44 (PP)
2. Capitals , Blake Wheeler 18 (Mikko Koivu 22, Victor Hedman 25) at 8:22
3. Capitals , Jamie Benn 11 (Joe Pavelski 26, Matt Carle 14) at 8:38
4. Maple Leafs , John Klingberg 6 (Marc-Édouard Vlasic 11, Mark Scheifele 17) at 11:08
Penalties :
Artemi Panarin (Tor) for Slashing (Minor) at 2:51, Ryan Getzlaf (Was) for Hooking (Minor) at 5:21, Fabian Brunnstrom (Tor) for Hooking (Minor) at 16:05
2nd period
5. Maple Leafs , Artemi Panarin 17 (John Klingberg 23, Marc-André Fleury) at 5:50 (PP)
6. Maple Leafs , Jeremy Morin 7 (Nate Thompson 8, Eric Nystrom 11) at 16:04
7. Maple Leafs , Gilbert Brule 13 (Ben Smith 11, John Klingberg 24) at 17:52 (PP)
Penalties :
Joe Pavelski (Was) for Holding (Minor) at 3:22, Patrick Marleau (Was) for Hooking (Minor) at 5:35, Jason Pominville (Was) for Goalie Interference (Minor) at 7:35, Jason Pominville (Was) for Tripping (Minor) at 16:54, Ryan Getzlaf (Was) for Holding (Minor) at 17:18
3rd period
8. Capitals , Joe Thornton 36 (Brent Burns 31, Jason Pominville 30) at 13:40 (PP)
Penalties :
Brent Burns (Was) for Hooking (Minor) at 0:27, Jason Pominville (Was) for Close Hand On Puck (Minor) at 6:15, Matt Carle (Was) for Hooking (Minor) at 8:22, Eric Nystrom (Tor) for Roughing (Minor) at 10:33, Gilbert Brule (Tor) for Close Hand On Puck (Minor) at 12:29, Blake Wheeler (Was) for Hooking (Minor) at 19:54
Overtime #1
No Goal
Penalties :
No Penalty
Shootout
Capitals, Joe Thornton - Goal!
Maple Leafs, Claude Giroux - Stopped by Tuukka Rask
Capitals, Jason Pominville - Shot Misses the Net
Maple Leafs, Jordan Staal - Stopped by Tuukka Rask
Capitals, Joe Pavelski - Goal!
Penalties :
No Penalty
Goalie Stats
Tuukka Rask (Was), 25 saves from 29 shots - (0.862), W, 28-15-2, 65:00 minutes
Marc-André Fleury (Tor), 26 saves from 30 shots - (0.867), OTL, 22-17-4, 65:00 minutes
Players Stats for Capitals
Player Name G A P +/- PIM S H SB GA TA FO MP PP MP PK MP
------------------------------------------------------------------------------------
Blake Wheeler 1 0 1 0 2 1 0 0 0 0 0/0 10:18 0:06 0:00
Brent Burns 0 1 1 1 2 1 1 0 1 2 0/0 30:19 4:17 8:05
Christian Ehrhoff 0 0 0 1 0 0 3 0 0 0 0/0 23:21 2:42 6:57
Dan Girardi 0 0 0 -2 0 0 0 0 0 0 0/0 11:27 0:00 1:12
David Krejci 0 0 0 0 0 1 0 0 1 0 2/4 8:41 0:00 1:42
Jamie Benn 1 1 2 1 0 1 3 1 0 0 1/1 15:00 2:35 2:05
Jason Pominville 0 1 1 -1 6 5 4 1 0 1 1/1 24:44 4:18 5:47
Joe Pavelski 1 1 2 1 2 4 0 1 0 0 1/3 16:55 2:35 3:24
Joe Thornton 1 0 1 -1 0 5 1 0 1 0 22/49 27:07 4:24 8:58
Joey Ryan 0 0 0 -2 0 0 0 1 0 0 0/0 12:33 0:00 1:53
Matt Carle 0 1 1 1 2 0 1 1 1 0 0/0 21:37 2:42 5:37
Mike Cammalleri 0 0 0 -1 0 4 1 1 0 0 0/2 17:08 4:18 0:00
Mikko Koivu 0 1 1 0 0 1 2 0 0 0 3/5 9:05 0:06 0:00
Ondrej Palat 0 0 0 0 0 1 0 0 2 0 0/0 6:22 0:00 1:07
Patrick Marleau 0 0 0 0 2 0 1 2 0 1 0/1 13:30 0:00 4:25
Ryan Getzlaf 0 0 0 1 4 1 3 0 0 0 4/8 16:58 2:35 3:05
T.J. Oshie 0 0 0 0 0 2 0 0 0 0 0/0 6:32 0:00 0:00
Victor Hedman 0 1 1 1 0 3 0 3 0 2 0/0 31:08 4:17 9:18
Players Stats for Maple Leafs
Player Name G A P +/- PIM S H SB GA TA FO MP PP MP PK MP
------------------------------------------------------------------------------------
Alex Killorn 0 0 0 -1 0 0 2 0 0 0 1/3 13:11 0:00 0:09
Artemi Panarin 1 0 1 1 2 5 3 0 0 0 0/1 20:34 7:32 1:23
Ben Smith 0 1 1 1 0 1 2 0 1 0 0/1 18:33 6:42 0:00
Blake Comeau 0 0 0 0 0 0 3 0 0 0 1/1 8:39 0:23 0:00
Braydon Coburn 0 0 0 0 0 1 1 3 0 0 0/0 29:19 6:22 3:58
Claude Giroux 0 0 0 -1 0 4 5 1 1 0 1/2 24:54 7:32 1:33
Eric Nystrom 0 1 1 0 2 1 1 1 0 1 0/0 10:51 0:23 3:01
Fabian Brunnstrom 0 0 0 0 2 1 3 0 1 0 0/0 17:01 6:42 0:50
Gilbert Brule 1 0 1 0 2 6 2 0 0 0 1/5 17:38 6:42 1:26
Jeremy Morin 1 0 1 0 0 2 0 0 0 0 1/1 6:04 0:00 0:00
John Klingberg 1 2 3 1 0 1 1 1 0 0 0/0 22:28 10:34 0:20
Jordan Staal 0 0 0 -1 0 2 1 3 1 2 27/46 26:38 7:32 3:53
Marc-Édouard Vlasic 0 1 1 1 0 2 0 0 1 0 0/0 28:42 7:21 3:01
Mark Scheifele 0 1 1 1 0 1 2 0 1 0 4/9 13:16 0:23 1:39
Nate Thompson 0 1 1 0 0 1 2 0 0 0 4/5 6:04 0:00 0:00
Ryan Parent 0 0 0 -1 0 0 0 1 0 0 0/0 16:22 0:48 1:06
Taylor Chorney 0 0 0 -1 0 0 0 1 0 2 0/0 17:49 0:01 4:03
Tobias Enstrom 0 0 0 0 0 1 0 1 0 1 0/0 14:51 4:08 1:30
3 Stars
1 - John Klingberg (Tor)
2 - Jamie Benn (Was)
3 - Joe Pavelski (Was)
Power Play
Capitals - 2 on 4 Attempt(s) - 50.00%
Maple Leafs - 2 on 10 Attempt(s) - 20.00%
Penalty Kill
Capitals - 8 on 10 Attempt(s) - 80.00%
- Score 0 goal in Penalty Kill
Maple Leafs - 2 on 4 Attempt(s) - 50.00%
- Score 0 goal in Penalty Kill
Team Stat
Capitals - Hits : 20 - Faceoff Wins : 34 - Blocked Shots : 11 - Penalty Minutes : 20
Maple Leafs - Hits : 28 - Faceoff Wins : 40 - Blocked Shots : 12 - Penalty Minutes : 8
Official
Referees : Unknown
Linesman : Unknown
Game Notes
Tobias Enstrom is injured at 11:42 of 2nd period (Right Knee)
Ondrej Palat is injured at 14:50 of 2nd period (Head)
Finance
Level 1 -- Attendance: 5680 (94.67%) -- Ticket Income $511,200
Level 2 -- Attendance: 4578 (91.56%) -- Ticket Income $251,790
Level 3 -- Attendance: 2000 (100.00%) -- Ticket Income $72,000
Level 4 -- Attendance: 3657 (91.43%) -- Ticket Income $91,425
Luxury Box -- Attendance: 999 (99.90%) -- Ticket Income $154,845
Game was played at the Maple Leafs Garden.
Total Attendance: 16914 (93.97%)
Total Ticket Income: $1,081,260
Other Income: $162,189
Total Income: $1,243,449
Capitals
5 vs 5 Forward
Center Left Wing Right Wing Time % Phy DF OF
1 Joe Thornton Mike Cammalleri Jason Pominville 40 1 2 2
2 Ryan Getzlaf Jamie Benn Joe Pavelski 30 1 2 2
3 Mikko Koivu Patrick Marleau Blake Wheeler 20 1 2 2
4 David Krejci Ondrej Palat T.J. Oshie 10 1 2 2
5 vs 5 Defense
Defense Defense Time % Phy DF OF
1 Brent Burns Victor Hedman 40 1 2 2
2 Christian Ehrhoff Matt Carle 30 1 2 2
3 Dan Girardi Joey Ryan 20 1 2 2
4 Brent Burns Victor Hedman 10 1 2 2
PowerPlay Forward
Center Left Wing Right Wing Time % Phy DF OF
1 Joe Thornton Mike Cammalleri Jason Pominville 60 1 2 2
2 Ryan Getzlaf Jamie Benn Joe Pavelski 40 1 2 2
PowerPlay Defense
Defense Defense Time % Phy DF OF
1 Brent Burns Victor Hedman 60 1 2 2
2 Christian Ehrhoff Matt Carle 40 1 2 2
Penalty Kill 4 Players Forward
Center Wing Time % Phy DF OF
1 Joe Thornton Jason Pominville 60 1 2 2
2 Joe Pavelski Ryan Getzlaf 40 1 2 2
Penalty Kill 4 Players Defense
Defense Defense Time % Phy DF OF
1 Brent Burns Victor Hedman 60 1 2 2
2 Christian Ehrhoff Matt Carle 40 1 2 2
Penalty Kill - 3 Players Forward
Forward Time % Phy DF OF
1 Joe Thornton 60 1 2 2
2 Jason Pominville 40 1 2 2
Penalty Kill - 3 Players Defense
Defense Defense Time % Phy DF OF
1 Brent Burns Victor Hedman 60 1 2 2
2 Christian Ehrhoff Matt Carle 40 1 2 2
4 vs 4 Forward
Center Wing Time % Phy DF OF
1 Joe Thornton Jason Pominville 60 1 2 2
2 Joe Pavelski Ryan Getzlaf 40 1 2 2
4 vs 4 Defense
Defense Defense Time % Phy DF OF
1 Brent Burns Victor Hedman 60 1 2 2
2 Christian Ehrhoff Matt Carle 40 1 2 2
Last Minutes Offensive
Center Left Wing Right Wing Defense Defense
Joe Thornton Mike Cammalleri Jason Pominville Brent Burns Victor Hedman
Last Minutes Defensive
Center Left Wing Right Wing Defense Defense
Joe Thornton Mike Cammalleri Jason Pominville Brent Burns Victor Hedman
Goaltenders
Starting : Tuukka Rask
Backup : Mike Smith
Extra Forwards
Normal : Blake Wheeler, Mikko Koivu, Patrick Marleau - PP : Blake Wheeler, Mikko Koivu - PK : Patrick Marleau
Extra Defensemen
Normal : Dan Girardi, Joey Ryan, Christian Ehrhoff - PP : Dan Girardi - PK : Joey Ryan, Christian Ehrhoff
Penalty Shots
Joe Thornton, Jason Pominville, Joe Pavelski, Ryan Getzlaf, Blake Wheeler
Scratches
None
Maple Leafs
5 vs 5 Forward
Center Left Wing Right Wing Time % Phy DF OF
1 Jordan Staal Alex Killorn Claude Giroux 40 1 2 2
2 Mark Scheifele Artemi Panarin Ben Smith 30 1 2 2
3 Gilbert Brule Fabian Brunnstrom Blake Comeau 20 1 2 2
4 Nate Thompson Eric Nystrom Jeremy Morin 10 1 2 2
5 vs 5 Defense
Defense Defense Time % Phy DF OF
1 Tobias Enstrom Braydon Coburn 40 1 2 2
2 John Klingberg Marc-Édouard Vlasic 30 1 2 2
3 Taylor Chorney Ryan Parent 20 1 2 2
4 Tobias Enstrom Braydon Coburn 10 1 2 2
PowerPlay Forward
Center Left Wing Right Wing Time % Phy DF OF
1 Jordan Staal Artemi Panarin Claude Giroux 60 1 2 2
2 Gilbert Brule Fabian Brunnstrom Ben Smith 40 1 2 2
PowerPlay Defense
Defense Defense Time % Phy DF OF
1 Tobias Enstrom John Klingberg 60 1 2 2
2 Marc-Édouard Vlasic Braydon Coburn 40 1 2 2
Penalty Kill 4 Players Forward
Center Wing Time % Phy DF OF
1 Jordan Staal Eric Nystrom 60 1 2 2
2 Gilbert Brule Claude Giroux 40 1 2 2
Penalty Kill 4 Players Defense
Defense Defense Time % Phy DF OF
1 Taylor Chorney Braydon Coburn 60 1 2 2
2 Tobias Enstrom Marc-Édouard Vlasic 40 1 2 2
Penalty Kill - 3 Players Forward
Forward Time % Phy DF OF
1 Jordan Staal 60 1 2 2
2 Gilbert Brule 40 1 2 2
Penalty Kill - 3 Players Defense
Defense Defense Time % Phy DF OF
1 Taylor Chorney Marc-Édouard Vlasic 60 1 2 2
2 Tobias Enstrom Braydon Coburn 40 1 2 2
4 vs 4 Forward
Center Wing Time % Phy DF OF
1 Jordan Staal Claude Giroux 60 1 2 2
2 Mark Scheifele Artemi Panarin 40 1 2 2
4 vs 4 Defense
Defense Defense Time % Phy DF OF
1 Tobias Enstrom Marc-Édouard Vlasic 60 1 2 2
2 Ryan Parent Braydon Coburn 40 1 2 2
Last Minutes Offensive
Center Left Wing Right Wing Defense Defense
Jordan Staal Artemi Panarin Claude Giroux John Klingberg Tobias Enstrom
Last Minutes Defensive
Center Left Wing Right Wing Defense Defense
Jordan Staal Eric Nystrom Claude Giroux Braydon Coburn Tobias Enstrom
Goaltenders
Starting : Marc-André Fleury
Backup : Thomas McCollum
Extra Forwards
Normal : Mark Scheifele, Ben Smith, Eric Nystrom - PP : Mark Scheifele, Ben Smith - PK : Eric Nystrom
Extra Defensemen
Normal : Marc-Édouard Vlasic, Ryan Parent, Taylor Chorney - PP : Marc-Édouard Vlasic - PK : Ryan Parent, Taylor Chorney
Penalty Shots
Claude Giroux, Jordan Staal, Gilbert Brule, Artemi Panarin, Fabian Brunnstrom
Scratches
None
% Time on Ice - Capitals
Lines # - Real PCT - Wanted PCT - Time Play
Normal Forward
1 - 34% - 40% - 13:03
2 - 29% - 30% - 11:16
3 - 20% - 20% - 7:33
4 - 17% - 10% - 6:32
Normal Defense
1 - 42% - 40% - 16:09
2 - 31% - 30% - 12:04
3 - 25% - 20% - 9:34
4 - 2% - 10% - 0:37
PP Forward
1 - 63% - 60% - 4:24
2 - 37% - 40% - 2:35
PP Defense
1 - 61% - 60% - 4:17
2 - 39% - 40% - 2:42
PK Forward
1 - 70% - 60% - 9:49
2 - 30% - 40% - 4:14
PK Defense
1 - 54% - 60% - 7:35
2 - 46% - 40% - 6:28
PK3 Forward
1 - 85% - 60% - 2:06
2 - 15% - 40% - 0:22
PK3 Defense
1 - 70% - 60% - 1:44
2 - 30% - 40% - 0:44
44 Forward
1 - 75% - 60% - 2:20
2 - 25% - 40% - 0:46
44 Defense
1 - 56% - 60% - 1:44
2 - 44% - 40% - 1:22
Last Minute Offensive - 0:00
Last Minute Defensive - 0:00
Total
Forward - 65:00
Defense - 65:00
|
% Time on Ice - Maple Leafs
Lines # - Real PCT - Wanted PCT - Time Play
Normal Forward
1 - 35% - 40% - 13:17
2 - 29% - 30% - 10:59
3 - 21% - 20% - 8:04
4 - 16% - 10% - 6:04
Normal Defense
1 - 46% - 40% - 17:51
2 - 24% - 30% - 9:10
3 - 29% - 20% - 10:58
4 - 1% - 10% - 0:25
PP Forward
1 - 54% - 60% - 7:55
2 - 46% - 40% - 6:42
PP Defense
1 - 79% - 60% - 11:36
2 - 21% - 40% - 3:01
PK Forward
1 - 78% - 60% - 5:23
2 - 22% - 40% - 1:33
PK Defense
1 - 58% - 60% - 4:00
2 - 42% - 40% - 2:56
PK3 Forward
1 - 100% - 60% - 0:03
2 - 0% - 40% - 0:00
PK3 Defense
1 - 100% - 60% - 0:03
2 - 0% - 40% - 0:00
44 Forward
1 - 80% - 60% - 3:59
2 - 20% - 40% - 1:01
44 Defense
1 - 89% - 60% - 4:28
2 - 11% - 40% - 0:32
Last Minute Offensive - 0:00
Last Minute Defensive - 0:00
Total
Forward - 65:00
Defense - 65:00
|
Play-by-Play
1st period
0:01 of 1st period - Jordan Staal wins face-off versus Mike Cammalleri in neutral zone.
1:07 of 1st period - Wrist shot by David Krejci.
1:07 of 1st period - Deflect By Ondrej Palat.
1:07 of 1st period - Shot Misses the Net.
1:07 of 1st period - Puck is out of play.
1:08 of 1st period - Nate Thompson wins face-off versus David Krejci in Maple Leafs zone.
1:33 of 1st period - Taylor Chorney is hit by Jason Pominville and loses puck.
2:24 of 1st period - Snap shot by Gilbert Brule.
2:24 of 1st period - Stopped by Tuukka Rask without a rebound.
2:25 of 1st period - Jordan Staal wins face-off versus Joe Thornton in Capitals zone.
2:32 of 1st period - Wrist shot by Jason Pominville.
2:32 of 1st period - Shot Blocked by Claude Giroux.
2:40 of 1st period - Snap shot by Mike Cammalleri.
2:40 of 1st period - Stopped by Marc-André Fleury without a rebound.
2:41 of 1st period - Ryan Getzlaf wins face-off versus Mark Scheifele in Maple Leafs zone.
2:42 of 1st period - Slapshot by Jamie Benn.
2:42 of 1st period - Shot Misses the Net.
2:51 of 1st period - Minor Penalty to Artemi Panarin for Slashing.
2:52 of 1st period - Joe Thornton wins face-off versus Jordan Staal in Maple Leafs zone.
2:52 of 1st period - Slapshot by Jason Pominville.
2:52 of 1st period - Shot Blocked by Braydon Coburn.
3:04 of 1st period - Snap shot by Mike Cammalleri.
3:04 of 1st period - Stopped by Marc-André Fleury without a rebound.
3:05 of 1st period - Jordan Staal wins face-off versus Joe Thornton in Maple Leafs zone.
3:16 of 1st period - Slapshot by Victor Hedman.
3:16 of 1st period - Shot Blocked by Jordan Staal.
3:18 of 1st period - Wrist shot by Victor Hedman.
3:18 of 1st period - Shot Misses the Net.
3:20 of 1st period - Slapshot by Victor Hedman.
3:20 of 1st period - Stopped by Marc-André Fleury without a rebound.
3:21 of 1st period - Jordan Staal wins face-off versus Ryan Getzlaf in Maple Leafs zone.
3:21 of 1st period - Jordan Staal is hit by Ryan Getzlaf.
3:35 of 1st period - Wrist shot by Joe Pavelski.
3:35 of 1st period - Shot Blocked by Eric Nystrom.
3:51 of 1st period - Slapshot by Ryan Getzlaf.
3:51 of 1st period - Shot Misses the Net.
3:53 of 1st period - Snap shot by Victor Hedman.
3:53 of 1st period - Stopped by Marc-André Fleury without a rebound.
3:54 of 1st period - Jason Pominville wins face-off versus Jordan Staal in Maple Leafs zone.
4:05 of 1st period - Wrist shot by Joe Thornton.
4:05 of 1st period - Deflect By Jason Pominville.
4:05 of 1st period - Shot Blocked by Tobias Enstrom.
4:05 of 1st period - Puck is out of play.
4:06 of 1st period - Jordan Staal wins face-off versus Joe Thornton in Maple Leafs zone.
4:27 of 1st period - Eric Nystrom is hit by Joe Thornton and loses puck.
4:44 of 1st period - Backhand shot by Joe Pavelski.
4:44 of 1st period - Goal by Joe Pavelski - Capitals : 1 - Maple Leafs : 0.
4:45 of 1st period - Jordan Staal wins face-off versus Joe Thornton in neutral zone.
4:48 of 1st period - Victor Hedman is hit by Alex Killorn and loses puck.
5:21 of 1st period - Minor Penalty to Ryan Getzlaf for Hooking.
5:22 of 1st period - Jordan Staal wins face-off versus Joe Thornton in Capitals zone.
5:30 of 1st period - Wrist shot by Claude Giroux.
5:30 of 1st period - Stopped by Tuukka Rask with a rebound.
5:32 of 1st period - Slapshot by Jordan Staal.
5:32 of 1st period - Deflect By Artemi Panarin.
5:32 of 1st period - Stopped by Tuukka Rask with a rebound.
5:34 of 1st period - Wrist shot by Tobias Enstrom.
5:34 of 1st period - Deflect By Brent Burns.
5:34 of 1st period - Stopped by Tuukka Rask with a rebound.
5:36 of 1st period - Wrist shot by Claude Giroux.
5:36 of 1st period - Stopped by Tuukka Rask without a rebound.
5:37 of 1st period - Jordan Staal wins face-off versus Joe Thornton in Capitals zone.
6:37 of 1st period - Gilbert Brule is hit by Christian Ehrhoff and loses puck.
7:18 of 1st period - Wrist shot by Gilbert Brule.
7:18 of 1st period - Shot Misses the Net.
7:21 of 1st period - Penalty to Ryan Getzlaf is over, Ryan Getzlaf is back on ice.
8:16 of 1st period - Wrist shot by Victor Hedman.
8:16 of 1st period - Shot Misses the Net.
8:18 of 1st period - Backhand shot by Blake Wheeler.
8:18 of 1st period - Shot Misses the Net.
8:20 of 1st period - Wrist shot by Mikko Koivu.
8:20 of 1st period - Shot Misses the Net.
8:22 of 1st period - Snap shot by Blake Wheeler.
8:22 of 1st period - Goal by Blake Wheeler - Capitals : 2 - Maple Leafs : 0.
8:23 of 1st period - Jordan Staal wins face-off versus Joe Pavelski in neutral zone.
8:31 of 1st period - Claude Giroux is hit by Jamie Benn and loses puck.
8:38 of 1st period - Wrist shot by Jamie Benn.
8:38 of 1st period - Goal by Jamie Benn - Capitals : 3 - Maple Leafs : 0.
8:39 of 1st period - Jordan Staal wins face-off versus Joe Thornton in neutral zone.
8:42 of 1st period - Slapshot by Marc-Édouard Vlasic.
8:42 of 1st period - Stopped by Tuukka Rask without a rebound.
8:43 of 1st period - Alex Killorn wins face-off versus Joe Thornton in Capitals zone.
9:08 of 1st period - Christian Ehrhoff is hit by John Klingberg and loses puck.
9:31 of 1st period - Wrist shot by Joe Pavelski.
9:31 of 1st period - Stopped by Marc-André Fleury without a rebound.
9:32 of 1st period - Jamie Benn wins face-off versus Mark Scheifele in Maple Leafs zone.
9:43 of 1st period - Braydon Coburn is hit by Jamie Benn and loses puck.
9:58 of 1st period - Wrist shot by Jordan Staal.
9:58 of 1st period - Shot Blocked by Victor Hedman.
10:22 of 1st period - Snap shot by Jordan Staal.
10:22 of 1st period - Stopped by Tuukka Rask without a rebound.
10:23 of 1st period - Joe Thornton wins face-off versus Gilbert Brule in Capitals zone.
10:29 of 1st period - Off-side.
10:30 of 1st period - Joe Thornton wins face-off versus Jordan Staal in neutral zone.
10:45 of 1st period - Snap shot by Jason Pominville.
10:45 of 1st period - Stopped by Marc-André Fleury with a rebound.
11:01 of 1st period - Mark Scheifele is hit by Ryan Getzlaf and loses puck.
11:08 of 1st period - Slapshot by John Klingberg.
11:08 of 1st period - Goal by John Klingberg - Capitals : 3 - Maple Leafs : 1.
11:09 of 1st period - Jordan Staal wins face-off versus Joe Thornton in neutral zone.
11:22 of 1st period - Brent Burns is hit by Claude Giroux and loses puck.
11:54 of 1st period - Gilbert Brule is hit by Mikko Koivu and loses puck.
12:33 of 1st period - Slapshot by Joe Thornton.
12:33 of 1st period - Stopped by Marc-André Fleury with a rebound.
12:47 of 1st period - Jamie Benn is hit by Alex Killorn and loses puck.
13:12 of 1st period - Blake Wheeler is hit by Eric Nystrom.
13:32 of 1st period - Wrist shot by Artemi Panarin.
13:32 of 1st period - Shot Blocked by Joey Ryan.
13:44 of 1st period - Dan Girardi is hit by Claude Giroux and loses puck.
14:29 of 1st period - Snap shot by Claude Giroux.
14:29 of 1st period - Shot Misses the Net.
15:07 of 1st period - Slapshot by Ondrej Palat.
15:07 of 1st period - Stopped by Marc-André Fleury with a rebound.
15:13 of 1st period - Backhand shot by Jordan Staal.
15:13 of 1st period - Stopped by Tuukka Rask with a rebound.
15:15 of 1st period - Slapshot by Jordan Staal.
15:15 of 1st period - Shot Misses the Net.
15:17 of 1st period - Snap shot by Braydon Coburn.
15:17 of 1st period - Deflect By Alex Killorn.
15:17 of 1st period - Shot Misses the Net.
15:17 of 1st period - Puck is out of play.
15:18 of 1st period - Joe Thornton wins face-off versus Artemi Panarin in Capitals zone.
15:18 of 1st period - Joe Thornton is hit by Artemi Panarin.
15:30 of 1st period - Slapshot by Mike Cammalleri.
15:30 of 1st period - Stopped by Marc-André Fleury without a rebound.
15:31 of 1st period - Mark Scheifele wins face-off versus Joe Thornton in Maple Leafs zone.
15:54 of 1st period - Icing by Mark Scheifele.
15:55 of 1st period - Ryan Getzlaf wins face-off versus Gilbert Brule in Maple Leafs zone.
16:05 of 1st period - Minor Penalty to Fabian Brunnstrom for Hooking.
16:06 of 1st period - Jordan Staal wins face-off versus Joe Thornton in Maple Leafs zone.
17:50 of 1st period - Snap shot by Artemi Panarin.
17:50 of 1st period - Deflect By Gilbert Brule.
17:50 of 1st period - Stopped by Tuukka Rask with a rebound.
18:05 of 1st period - Penalty to Fabian Brunnstrom is over, Fabian Brunnstrom is back on ice.
18:31 of 1st period - Wrist shot by Gilbert Brule.
18:31 of 1st period - Stopped by Tuukka Rask with a rebound.
18:39 of 1st period - Slapshot by Christian Ehrhoff.
18:39 of 1st period - Shot Misses the Net.
18:41 of 1st period - Slapshot by T.J. Oshie.
18:41 of 1st period - Stopped by Marc-André Fleury without a rebound.
18:42 of 1st period - Mark Scheifele wins face-off versus Mikko Koivu in Maple Leafs zone.
19:17 of 1st period - Slapshot by Ryan Getzlaf.
19:17 of 1st period - Shot Misses the Net.
19:19 of 1st period - Slapshot by Ryan Getzlaf.
19:19 of 1st period - Stopped by Marc-André Fleury without a rebound.
19:20 of 1st period - Mark Scheifele wins face-off versus Joe Thornton in Maple Leafs zone.
19:56 of 1st period - Slapshot by Joe Pavelski.
19:56 of 1st period - Shot Blocked by John Klingberg.
Goals for this period are 3 for Capitals vs 1 for Maple Leafs.
Shots for this period are 14 for Capitals vs 11 for Maple Leafs.
2nd period
0:01 of 2nd period - Joe Thornton wins face-off versus Jordan Staal in neutral zone.
0:08 of 2nd period - Wrist shot by Joe Thornton.
0:08 of 2nd period - Stopped by Marc-André Fleury without a rebound.
0:09 of 2nd period - Joe Thornton wins face-off versus Jordan Staal in Maple Leafs zone.
0:51 of 2nd period - Snap shot by Jason Pominville.
0:51 of 2nd period - Stopped by Marc-André Fleury without a rebound.
0:52 of 2nd period - Gilbert Brule wins face-off versus Ryan Getzlaf in Maple Leafs zone.
2:08 of 2nd period - Snap shot by Joe Pavelski.
2:08 of 2nd period - Stopped by Marc-André Fleury without a rebound.
2:09 of 2nd period - Jordan Staal wins face-off versus Joe Thornton in Maple Leafs zone.
2:59 of 2nd period - Snap shot by Artemi Panarin.
2:59 of 2nd period - Stopped by Tuukka Rask without a rebound.
3:00 of 2nd period - Joe Thornton wins face-off versus Mark Scheifele in Capitals zone.
3:18 of 2nd period - Snap shot by Artemi Panarin.
3:18 of 2nd period - Stopped by Tuukka Rask without a rebound.
3:19 of 2nd period - Ryan Getzlaf wins face-off versus Jordan Staal in Capitals zone.
3:19 of 2nd period - Ryan Getzlaf is hit by Claude Giroux.
3:22 of 2nd period - Minor Penalty to Joe Pavelski for Holding.
3:23 of 2nd period - Joe Thornton wins face-off versus Jordan Staal in Capitals zone.
3:55 of 2nd period - Wrist shot by Tobias Enstrom.
3:55 of 2nd period - Deflect By Fabian Brunnstrom.
3:55 of 2nd period - Stopped by Tuukka Rask with a rebound.
3:57 of 2nd period - Snap shot by John Klingberg.
3:57 of 2nd period - Shot Misses the Net.
5:08 of 2nd period - Icing by Jordan Staal.
5:09 of 2nd period - David Krejci wins face-off versus Jordan Staal in Maple Leafs zone.
5:18 of 2nd period - Artemi Panarin is hit by Ryan Getzlaf and loses puck.
5:22 of 2nd period - Penalty to Joe Pavelski is over, Joe Pavelski is back on ice.
5:34 of 2nd period - Off-side.
5:35 of 2nd period - Mikko Koivu wins face-off versus Nate Thompson in neutral zone.
5:35 of 2nd period - Minor Penalty to Patrick Marleau for Hooking.
5:36 of 2nd period - Joe Thornton wins face-off versus Jordan Staal in Capitals zone.
5:36 of 2nd period - Joe Thornton is hit by Artemi Panarin.
5:48 of 2nd period - Slapshot by John Klingberg.
5:48 of 2nd period - Shot Misses the Net.
5:50 of 2nd period - Slapshot by Artemi Panarin.
5:50 of 2nd period - Goal by Artemi Panarin - Capitals : 3 - Maple Leafs : 2.
5:51 of 2nd period - Jordan Staal wins face-off versus Joe Thornton in neutral zone.
6:18 of 2nd period - Patrick Marleau is hit by Braydon Coburn.
6:26 of 2nd period - Slapshot by Artemi Panarin.
6:26 of 2nd period - Shot Blocked by Patrick Marleau.
6:46 of 2nd period - Snap shot by Nate Thompson.
6:46 of 2nd period - Shot Blocked by Joe Pavelski.
7:11 of 2nd period - Jason Pominville is hit by Blake Comeau and loses puck.
7:20 of 2nd period - Icing by Matt Carle.
7:21 of 2nd period - Joe Thornton wins face-off versus Jordan Staal in Capitals zone.
7:35 of 2nd period - Minor Penalty to Jason Pominville for Goalie Interference.
7:36 of 2nd period - Jordan Staal wins face-off versus Patrick Marleau in Capitals zone.
7:40 of 2nd period - Snap shot by Claude Giroux.
7:40 of 2nd period - Stopped by Tuukka Rask with a rebound.
7:42 of 2nd period - Slapshot by Artemi Panarin.
7:42 of 2nd period - Shot Misses the Net.
7:48 of 2nd period - Slapshot by Artemi Panarin.
7:48 of 2nd period - Stopped by Tuukka Rask with a rebound.
7:50 of 2nd period - Snap shot by Jordan Staal.
7:50 of 2nd period - Shot Misses the Net.
7:52 of 2nd period - Wrist shot by Artemi Panarin.
7:52 of 2nd period - Shot Blocked by Victor Hedman.
8:12 of 2nd period - Snap shot by Fabian Brunnstrom.
8:12 of 2nd period - Shot Misses the Net.
9:35 of 2nd period - Penalty to Jason Pominville is over, Jason Pominville is back on ice.
11:41 of 2nd period - Tobias Enstrom is hit by Jamie Benn and loses puck.
11:42 of 2nd period - Tobias Enstrom from Maple Leafs is injured at 11:42 of 2nd period (Right Knee).
11:43 of 2nd period - Joe Thornton wins face-off versus Jordan Staal in Maple Leafs zone.
12:09 of 2nd period - Brent Burns is hit by Blake Comeau.
12:43 of 2nd period - Mark Scheifele is hit by Brent Burns and loses puck.
13:20 of 2nd period - Slapshot by Braydon Coburn.
13:20 of 2nd period - Stopped by Tuukka Rask without a rebound.
13:21 of 2nd period - Nate Thompson wins face-off versus Joe Thornton in Capitals zone.
13:24 of 2nd period - Slapshot by Nate Thompson.
13:24 of 2nd period - Shot Misses the Net.
13:26 of 2nd period - Snap shot by Nate Thompson.
13:26 of 2nd period - Stopped by Tuukka Rask without a rebound.
13:27 of 2nd period - Jordan Staal wins face-off versus Joe Thornton in Capitals zone.
13:44 of 2nd period - Wrist shot by Alex Killorn.
13:44 of 2nd period - Shot Blocked by Matt Carle.
13:56 of 2nd period - Slapshot by Matt Carle.
13:56 of 2nd period - Shot Blocked by Taylor Chorney.
13:58 of 2nd period - Slapshot by Christian Ehrhoff.
13:58 of 2nd period - Shot Misses the Net.
14:00 of 2nd period - Snap shot by Joe Pavelski.
14:00 of 2nd period - Shot Misses the Net.
14:02 of 2nd period - Slapshot by Jamie Benn.
14:02 of 2nd period - Shot Misses the Net.
14:04 of 2nd period - Backhand shot by Matt Carle.
14:04 of 2nd period - Shot Misses the Net.
14:49 of 2nd period - Ondrej Palat is hit by Nate Thompson and loses puck.
14:50 of 2nd period - Ondrej Palat from Capitals is injured at 14:50 of 2nd period (Head).
14:51 of 2nd period - Jordan Staal wins face-off versus Joe Thornton in Capitals zone.
14:56 of 2nd period - Wrist shot by Claude Giroux.
14:56 of 2nd period - Stopped by Tuukka Rask with a rebound.
15:37 of 2nd period - Mikko Koivu is hit by Blake Comeau.
15:41 of 2nd period - Snap shot by Mikko Koivu.
15:41 of 2nd period - Shot Blocked by Braydon Coburn.
15:58 of 2nd period - Icing by Mikko Koivu.
15:59 of 2nd period - Jeremy Morin wins face-off versus Joe Thornton in Capitals zone.
16:02 of 2nd period - Snap shot by Nate Thompson.
16:02 of 2nd period - Shot Blocked by Mike Cammalleri.
16:04 of 2nd period - Slapshot by Jeremy Morin.
16:04 of 2nd period - Goal by Jeremy Morin - Capitals : 3 - Maple Leafs : 3.
16:05 of 2nd period - Joe Thornton wins face-off versus Jordan Staal in neutral zone.
16:07 of 2nd period - Off-side.
16:08 of 2nd period - Joe Thornton wins face-off versus Claude Giroux in neutral zone.
16:13 of 2nd period - John Klingberg is hit by Jason Pominville and loses puck.
16:19 of 2nd period - John Klingberg is hit by Jason Pominville and loses puck.
16:54 of 2nd period - Minor Penalty to Jason Pominville for Tripping.
16:55 of 2nd period - Jordan Staal wins face-off versus Joe Pavelski in Capitals zone.
17:18 of 2nd period - Minor Penalty to Ryan Getzlaf for Holding.
17:19 of 2nd period - Joe Thornton wins face-off versus Jordan Staal in Capitals zone.
17:37 of 2nd period - Joe Thornton is hit by Claude Giroux and loses puck.
17:50 of 2nd period - Snap shot by Ben Smith.
17:50 of 2nd period - Stopped by Tuukka Rask with a rebound.
17:52 of 2nd period - Wrist shot by Gilbert Brule.
17:52 of 2nd period - Goal by Gilbert Brule - Capitals : 3 - Maple Leafs : 4.
17:53 of 2nd period - Joe Thornton wins face-off versus Jordan Staal in neutral zone.
17:56 of 2nd period - Artemi Panarin is hit by Jason Pominville and loses puck.
18:10 of 2nd period - Slapshot by Marc-Édouard Vlasic.
18:10 of 2nd period - Stopped by Tuukka Rask with a rebound.
18:20 of 2nd period - Victor Hedman is hit by Fabian Brunnstrom and loses puck.
18:31 of 2nd period - Patrick Marleau is hit by Gilbert Brule and loses puck.
19:06 of 2nd period - Victor Hedman is hit by Fabian Brunnstrom.
19:18 of 2nd period - Penalty to Ryan Getzlaf is over, Ryan Getzlaf is back on ice.
19:40 of 2nd period - Jeremy Morin is hit by Patrick Marleau and loses puck.
Goals for this period are 0 for Capitals vs 3 for Maple Leafs.
Shots for this period are 3 for Capitals vs 13 for Maple Leafs.
3rd period
0:01 of 3rd period - Joe Thornton wins face-off versus Alex Killorn in neutral zone.
0:27 of 3rd period - Minor Penalty to Brent Burns for Hooking.
0:28 of 3rd period - Joe Thornton wins face-off versus Jordan Staal in Capitals zone.
1:07 of 3rd period - Snap shot by Gilbert Brule.
1:07 of 3rd period - Shot Blocked by Victor Hedman.
1:09 of 3rd period - Wrist shot by Gilbert Brule.
1:09 of 3rd period - Stopped by Tuukka Rask with a rebound.
2:27 of 3rd period - Penalty to Brent Burns is over, Brent Burns is back on ice.
2:51 of 3rd period - Wrist shot by Jeremy Morin.
2:51 of 3rd period - Stopped by Tuukka Rask without a rebound.
2:52 of 3rd period - Nate Thompson wins face-off versus Mikko Koivu in Capitals zone.
3:05 of 3rd period - Jeremy Morin is hit by Mikko Koivu and loses puck.
3:25 of 3rd period - Claude Giroux is hit by Christian Ehrhoff and loses puck.
3:38 of 3rd period - Snap shot by Joe Thornton.
3:38 of 3rd period - Shot Misses the Net.
3:40 of 3rd period - Snap shot by Jason Pominville.
3:40 of 3rd period - Stopped by Marc-André Fleury without a rebound.
3:41 of 3rd period - Mark Scheifele wins face-off versus Joe Thornton in Maple Leafs zone.
4:02 of 3rd period - Victor Hedman is hit by Mark Scheifele and loses puck.
4:29 of 3rd period - Wrist shot by Mark Scheifele.
4:29 of 3rd period - Stopped by Tuukka Rask without a rebound.
4:30 of 3rd period - Jordan Staal wins face-off versus Ryan Getzlaf in Capitals zone.
4:41 of 3rd period - Snap shot by Alex Killorn.
4:41 of 3rd period - Deflect By Claude Giroux.
4:41 of 3rd period - Shot Blocked by Jamie Benn.
4:41 of 3rd period - Puck is out of play.
4:42 of 3rd period - Claude Giroux wins face-off versus Ryan Getzlaf in Capitals zone.
5:16 of 3rd period - Icing by Christian Ehrhoff.
5:17 of 3rd period - Mikko Koivu wins face-off versus Mark Scheifele in Capitals zone.
5:50 of 3rd period - Wrist shot by Mikko Koivu.
5:50 of 3rd period - Stopped by Marc-André Fleury without a rebound.
5:51 of 3rd period - Jordan Staal wins face-off versus Mike Cammalleri in Maple Leafs zone.
5:56 of 3rd period - Slapshot by Ryan Parent.
5:56 of 3rd period - Shot Blocked by Jason Pominville.
5:58 of 3rd period - Snap shot by Alex Killorn.
5:58 of 3rd period - Deflect By Jordan Staal.
5:58 of 3rd period - Shot Misses the Net.
5:58 of 3rd period - Puck is out of play.
5:59 of 3rd period - Jordan Staal wins face-off versus Joe Thornton in Capitals zone.
6:15 of 3rd period - Minor Penalty to Jason Pominville for Close Hand On Puck.
6:16 of 3rd period - Jordan Staal wins face-off versus Joe Thornton in Capitals zone.
7:02 of 3rd period - John Klingberg is hit by Matt Carle and loses puck.
8:15 of 3rd period - Penalty to Jason Pominville is over, Jason Pominville is back on ice.
8:22 of 3rd period - Minor Penalty to Matt Carle for Hooking.
8:23 of 3rd period - Joe Thornton wins face-off versus Gilbert Brule in Capitals zone.
8:49 of 3rd period - Marc-Édouard Vlasic is hit by Christian Ehrhoff.
10:11 of 3rd period - Slapshot by John Klingberg.
10:11 of 3rd period - Shot Blocked by Patrick Marleau.
10:22 of 3rd period - Penalty to Matt Carle is over, Matt Carle is back on ice.
10:30 of 3rd period - Snap shot by David Krejci.
10:30 of 3rd period - Stopped by Marc-André Fleury without a rebound.
10:31 of 3rd period - Nate Thompson wins face-off versus David Krejci in Maple Leafs zone.
10:33 of 3rd period - Minor Penalty to Eric Nystrom for Roughing.
10:34 of 3rd period - Jordan Staal wins face-off versus Joe Thornton in Maple Leafs zone.
10:46 of 3rd period - Snap shot by Brent Burns.
10:46 of 3rd period - Shot Misses the Net.
10:48 of 3rd period - Wrist shot by Joe Thornton.
10:48 of 3rd period - Stopped by Marc-André Fleury with a rebound.
12:01 of 3rd period - Jordan Staal is hit by Mike Cammalleri and loses puck.
12:16 of 3rd period - Ryan Getzlaf is hit by Fabian Brunnstrom and loses puck.
12:29 of 3rd period - Minor Penalty to Gilbert Brule for Close Hand On Puck.
12:30 of 3rd period - Jordan Staal wins face-off versus Joe Thornton in Maple Leafs zone.
12:33 of 3rd period - Penalty to Eric Nystrom is over, Eric Nystrom is back on ice.
12:42 of 3rd period - Icing by Joe Thornton.
12:43 of 3rd period - Jordan Staal wins face-off versus Joe Thornton in Capitals zone.
12:44 of 3rd period - Snap shot by Eric Nystrom.
12:44 of 3rd period - Stopped by Tuukka Rask without a rebound.
12:45 of 3rd period - Joe Thornton wins face-off versus Jordan Staal in Capitals zone.
12:54 of 3rd period - Slapshot by Brent Burns.
12:54 of 3rd period - Stopped by Marc-André Fleury without a rebound.
12:55 of 3rd period - Joe Thornton wins face-off versus Jordan Staal in Maple Leafs zone.
13:08 of 3rd period - Wrist shot by Joe Thornton.
13:08 of 3rd period - Deflect By Mike Cammalleri.
13:08 of 3rd period - Stopped by Marc-André Fleury with a rebound.
13:10 of 3rd period - Slapshot by Brent Burns.
13:10 of 3rd period - Shot Blocked by Braydon Coburn.
13:12 of 3rd period - Slapshot by Victor Hedman.
13:12 of 3rd period - Shot Blocked by Jordan Staal.
13:14 of 3rd period - Snap shot by Victor Hedman.
13:14 of 3rd period - Stopped by Marc-André Fleury with a rebound.
13:16 of 3rd period - Slapshot by Brent Burns.
13:16 of 3rd period - Shot Misses the Net.
13:36 of 3rd period - Snap shot by Jason Pominville.
13:36 of 3rd period - Stopped by Marc-André Fleury with a rebound.
13:38 of 3rd period - Slapshot by Brent Burns.
13:38 of 3rd period - Shot Misses the Net.
13:40 of 3rd period - Backhand shot by Joe Thornton.
13:40 of 3rd period - Goal by Joe Thornton - Capitals : 4 - Maple Leafs : 4.
13:41 of 3rd period - Ryan Getzlaf wins face-off versus Jordan Staal in neutral zone.
14:41 of 3rd period - Wrist shot by Gilbert Brule.
14:41 of 3rd period - Stopped by Tuukka Rask with a rebound.
15:01 of 3rd period - Wrist shot by Fabian Brunnstrom.
15:01 of 3rd period - Shot Misses the Net.
15:21 of 3rd period - Snap shot by Joe Pavelski.
15:21 of 3rd period - Stopped by Marc-André Fleury without a rebound.
15:22 of 3rd period - Mikko Koivu wins face-off versus Alex Killorn in Maple Leafs zone.
15:33 of 3rd period - Mikko Koivu is hit by Claude Giroux and loses puck.
15:48 of 3rd period - Brent Burns is hit by Mark Scheifele and loses puck.
15:53 of 3rd period - Snap shot by Artemi Panarin.
15:53 of 3rd period - Shot Misses the Net.
17:05 of 3rd period - Snap shot by T.J. Oshie.
17:05 of 3rd period - Shot Misses the Net.
17:07 of 3rd period - Snap shot by David Krejci.
17:07 of 3rd period - Shot Blocked by Jordan Staal.
17:22 of 3rd period - Off-side.
17:23 of 3rd period - David Krejci wins face-off versus Mark Scheifele in neutral zone.
17:34 of 3rd period - David Krejci is hit by Artemi Panarin and loses puck.
18:13 of 3rd period - Joe Thornton is hit by Gilbert Brule and loses puck.
18:59 of 3rd period - Snap shot by T.J. Oshie.
18:59 of 3rd period - Stopped by Marc-André Fleury without a rebound.
19:00 of 3rd period - Joe Thornton wins face-off versus Gilbert Brule in Maple Leafs zone.
19:03 of 3rd period - Snap shot by Joe Thornton.
19:03 of 3rd period - Stopped by Marc-André Fleury without a rebound.
19:04 of 3rd period - Blake Comeau wins face-off versus Joe Thornton in Maple Leafs zone.
19:19 of 3rd period - Slapshot by Matt Carle.
19:19 of 3rd period - Shot Blocked by Ryan Parent.
19:35 of 3rd period - Mike Cammalleri is hit by Nate Thompson.
19:54 of 3rd period - Minor Penalty to Blake Wheeler for Hooking.
19:55 of 3rd period - Joe Thornton wins face-off versus Jordan Staal in Capitals zone.
19:55 of 3rd period - Joe Thornton is hit by Jordan Staal.
Goals for this period are 1 for Capitals vs 0 for Maple Leafs.
Shots for this period are 12 for Capitals vs 5 for Maple Leafs.
Overtime #1
0:01 of 1st overtime period - Jordan Staal wins face-off versus Joe Thornton in neutral zone.
1:54 of 1st overtime period - Penalty to Blake Wheeler is over, Blake Wheeler is back on ice.
2:15 of 1st overtime period - Blake Wheeler is hit by Ben Smith and loses puck.
2:38 of 1st overtime period - Snap shot by Jason Pominville.
2:38 of 1st overtime period - Stopped by Marc-André Fleury without a rebound.
2:39 of 1st overtime period - Jordan Staal wins face-off versus Joe Thornton in Maple Leafs zone.
3:23 of 1st overtime period - Matt Carle is hit by Ben Smith and loses puck.
4:39 of 1st overtime period - Icing by John Klingberg.
4:40 of 1st overtime period - Joe Pavelski wins face-off versus Ben Smith in Maple Leafs zone.
4:49 of 1st overtime period - Slapshot by Joe Pavelski.
4:49 of 1st overtime period - Shot Misses the Net.
4:51 of 1st overtime period - Snap shot by Ryan Getzlaf.
4:51 of 1st overtime period - Shot Misses the Net.
Goals for this period are 0 for Capitals vs 0 for Maple Leafs.
Shots for this period are 1 for Capitals vs 0 for Maple Leafs.
ShootOut
5:00 of 1st overtime period - Round #1.
5:00 of 1st overtime period - Capitals, Joe Thornton.
5:00 of 1st overtime period - Deke by Joe Thornton.
5:00 of 1st overtime period - Goal by Joe Thornton.
5:00 of 1st overtime period - Maple Leafs, Claude Giroux.
5:00 of 1st overtime period - Snap shot by Claude Giroux.
5:00 of 1st overtime period - Stopped by Tuukka Rask.
5:00 of 1st overtime period - Round #2.
5:00 of 1st overtime period - Capitals, Jason Pominville.
5:00 of 1st overtime period - Backhand shot by Jason Pominville.
5:00 of 1st overtime period - Shot Misses the Net.
5:00 of 1st overtime period - Maple Leafs, Jordan Staal.
5:00 of 1st overtime period - Deke by Jordan Staal.
5:00 of 1st overtime period - Stopped by Tuukka Rask.
5:00 of 1st overtime period - Round #3.
5:00 of 1st overtime period - Capitals, Joe Pavelski.
5:00 of 1st overtime period - Wrist shot by Joe Pavelski.
5:00 of 1st overtime period - Goal by Joe Pavelski.
Back to the Top